 Dungeon Crawl Stone Soup version 0.19-a0-1676-g39ae8cc (webtiles) character file.

29 Amnesiac the Ogre Mage (level 3, -5/31 HPs)
             Began as an Ogre Wizard on Sept 23, 2016.
             Killed from afar by Natasha (8 damage)
             ... with a magic dart
             ... on level 3 of the Dungeon.
             The game lasted 00:03:18 (622 turns).

Amnesiac the Ogre Mage (Ogre Wizard)                 Turns: 622, Time: 00:03:19

Health: -5/31      AC:  3    Str: 12    XL:     3   Next: 16%
Magic:  3/8        EV: 10    Int: 17    God:
Gold:   31         SH:  0    Dex:  9    Spells: 3 memorised, 4 levels left

rFire  . . .     SeeInvis .     f - +0 whip
rCold  . . .     Gourm    .     a - +0 robe
rNeg   . . .     Faith    .     (no shield)
rPois  .         Spirit   .     b - +0 hat
rElec  .         Dismiss  .     (no cloak)
rCorr  .         Reflect  .     (gloves unavailable)
MR     .....     Harm     .     (boots unavailable)
Stlth  +.........               (no amulet)
                                (no ring)
                                (no ring)

@: no status effects
A: unfitting armour, tough skin 1
a: no special abilities


You were on level 3 of the Dungeon.
You were not hungry.

You visited 1 branch of the dungeon, and saw 3 of its levels.

You collected 31 gold pieces.

Inventory:

Hand Weapons
 f - a +0 whip (weapon)
Armour
 a - a +0 robe (worn)
 b - a +0 hat (worn)
Books
 c - a book of Minor Magic

   Spells                             Type                      Level
   a - Magic Dart                     Conjuration                  1
   b - Blink                          Translocation                2
   c - Call Imp                       Summoning                    2
   d - Repel Missiles                 Charms/Air                   2
   e - Slow                           Hexes                        2
   f - Conjure Flame                  Conjuration/Fire             3
   g - Mephitic Cloud                 Conjuration/Poison/Air       3
Comestibles
 d - a bread ration


   Skills:
 - Level 1.7 Dodging
 - Level 1.5 Stealth
 - Level 4.0 Spellcasting
 + Level 1.8 Conjurations
 - Level 0.6 Summonings
   Level 0.6 Translocations


You had 4 spell levels left.
You knew the following spells:

 Your Spells              Type           Power        Failure   Level  Hunger
d - Call Imp              Summ           #.......     21%         2    ##.....
e - Mephitic Cloud        Conj/Pois/Air  #.......     38%         3    ###....
z - Magic Dart            Conj           #...         10%         1    None


Dungeon Overview and Level Annotations

Branches:
Dungeon (3/15)

Altars:

Annotations:
D:3 Natasha


Innate Abilities, Weirdness & Mutations

You are too large for most types of armour.
You have tough skin. (AC +1)


Message History

You don't have any unidentified items.
Natasha completely misses your crimson imp.
Your crimson imp hits Natasha.
Unknown command.
Your crimson imp barely misses Natasha.
Natasha claws your crimson imp.
The crimson imp disappears in a puff of smoke!
Your crimson imp blinks!
You swap places.
Your crimson imp barely misses Natasha.
Natasha closely misses your crimson imp.
Your crimson imp hits Natasha.
Natasha barely misses your crimson imp.
Your crimson imp hits Natasha but does no damage.
Natasha casts a spell at you.
Your crimson imp easily resists.
Your crimson imp closely misses Natasha.
Your crimson imp disappears in a puff of smoke!
Natasha stares at you and mumbles some strange words.
The magic dart hits you!
You die...

#. #. #. #. ##. #..
#################..
#######.@....h....ยง5....(
........################.
######### #. #. ... ##. ##


You could see Natasha.

Vanquished Creatures
  A worker ant zombie (D:3)
  A dart slug (D:1)
  2 leopard geckos (D:1)
  2 goblins (D:1)
  A hobgoblin (D:1)
  2 kobolds (D:1)
  4 bats (D:1)
  A frilled lizard (D:1)
14 creatures vanquished.

Vanquished Creatures (collateral kills)
  A ball python (D:3)
1 creature vanquished.

Grand Total: 15 creatures vanquished

Notes
Turn   | Place    | Note
-------+----------+-------------------------------------------
     0 | D:1      | Amnesiac the Ogre Wizard began the quest for the Orb.
     0 | D:1      | Reached XP level 1. HP: 16/16 MP: 5/5
   140 | D:1      | Reached skill level 4 in Spellcasting
   188 | D:1      | Reached XP level 2. HP: 21/24 MP: 0/7
   229 | D:1      | Reached skill level 1 in Conjurations
   540 | D:3      | Learned a level 2 spell: Call Imp
   582 | D:3      | HP: 1/24 [worker ant zombie (5)]
   584 | D:3      | Noticed Natasha
   594 | D:3      | Reached XP level 3. HP: 20/31 MP: 4/8
   612 | D:3      | Learned a level 3 spell: Mephitic Cloud
   622 | D:3      | Killed from afar by Natasha

Vault maps used:
D:1:      minmay_arrival_stone_box
D:2:      serial_forest, infiniplex_forest_corner_2,
          infiniplex_forest_clump_curved, infiniplex_forest_straight_4,
          infiniplex_forest_clump_large, infiniplex_forest_clump_tiny,
          infiniplex_forest_lined_room_2, infiniplex_forest_straight_3,
          infiniplex_forest_clump_long, infiniplex_forest_end_3,
          infiniplex_forest_lined_3, kennysheep_generic_room_10
D:3:      old_standard_altar, grunt_temple_overflow_open,
          okawaru_ov_weapons_minmay, gup_sewer_entry_bubbles, uniq_robin,
          uniq_natasha

Skill      XL: |  1  2 |
---------------+-------+-----
Spellcasting   | 4 |  4.0
Conjurations   | 1 |  1.8
Dodging        | |  1.7
Stealth        | |  1.5
Summonings     | |  0.6
Translocations | |  0.6

Action                   || total
-------------------------++-------
Melee: Whip              ||    25
 Cast: Magic Dart        ||    26
       Call Imp          ||     4
  Use: Potion            ||     1
       Scroll            ||     1
 Stab: Distracted        ||     1
Armor: Robe              ||    13
Dodge: Dodged            ||    17
